 Dungeon Crawl Stone Soup version 0.23.2 (webtiles) character file.

Game seed: 8358111158908159492

535 wyoknott the Slasher (level 7, 0/60 HPs)
             Began as a Minotaur Fighter on Apr 13, 2019.
             Slain by an orc
             ... wielding a +0 trident
              (2 damage)
             ... on level 4 of the Dungeon.
             The game lasted 00:06:46 (2058 turns).

wyoknott the Slasher (Minotaur Fighter)             Turns: 2058, Time: 00:06:47

Health: 0/60       AC:  9    Str: 28    XL:     7   Next: 4%
Magic:  6/6        EV:  6    Int:  5    God:
Gold:   182        SH: 11    Dex:  9    Spells: 6/6 levels left

rFire    . . .     SeeInvis .   a - +0 long sword
rCold    . . .     Gourm    .   c - +1 shield
rNeg     . . .     Faith    .   i - +0 chain mail
rPois    .         Spirit   .   (helmet restricted)
rElec    .         Reflect  .   (no cloak)
rCorr    +         Harm     .   (no gloves)
MR       .....                  (no boots)
Stlth    ..........             (no amulet)
HPRegen  0.20/turn              o - ring of resist corrosion
MPRegen  0.10/turn              (no ring)

@: mighty, lethally poisoned (0 -> -2), drained
A: retaliatory headbutt, horns 2
a: no special abilities


You were on level 4 of the Dungeon.
You were hungry.

You visited 1 branch of the dungeon, and saw 4 of its levels.

You collected 182 gold pieces.

Inventory:

Hand Weapons
 a - a +0 long sword (weapon)
Armour
 b - a +0 scale mail
 c - a +1 shield (worn)
 i - a +0 chain mail (worn)
Jewellery
 g - an uncursed amulet of the gourmand {unknown}
 o - a ring of resist corrosion (left hand)
Scrolls
 h - a scroll of noise
 l - 2 scrolls of remove curse
 n - a scroll of teleportation
Potions
 d - 2 potions of might
 e - a potion of cancellation
 j - a potion of degeneration
 m - a potion of invisibility {unknown}
 p - a potion of curing {unknown}
Comestibles
 f - 4 rations


   Skills:
 + Level 4.8(3.7) Fighting
 + Level 5.9(4.8) Long Blades
 + Level 5.2(4.1) Armour
 + Level 1.5(0.5) Dodging
 + Level 0.2(0.0) Stealth
 + Level 5.7(4.6) Shields


You had 6 spell levels left.
You didn't know any spells.
Your spell library was empty.

Dungeon Overview and Level Annotations

Branches:
Dungeon (4/15)
 Temple: D:4-7

Altars:
Nemelex Xobeh

Shops:
D:4 *


Innate Abilities, Weirdness & Mutations

You reflexively headbutt those who attack you in melee.
You have a pair of horns on your head.


Message History

You feel less confused.
You feel sick.
The orc hits you from afar with a +0 trident.
* * * LOW HITPOINT WARNING * * *
You hear some strange, mumbled words.
You are confused.
You see here a worker ant corpse.
It was a potion of magic.
Magic courses through your body. The orc hits you but does no damage.
You feel sick. Something hits you but does no damage.
The orc closely misses you.
You closely miss the orc. Something hits you but does no damage.
The orc hits you but does no damage.
You bump into the rock wall.
You feel sick. Something hits you but does no damage.
The orc hits you with a +0 trident!
* * * LOW HITPOINT WARNING * * *
You bump into the rock wall.
You feel less confused. You block something's attack.
The orc hits you with a +0 trident.
You die...

##/..# .# #....#
.. ####....# .#
#.......##a.#...
##.##.#.....o....
#.......(###.....
#..##....# .∩.
########..####..#
.
..........####@o#
#..........†).#
#......#####.##
#.....## ###.###
#.....# #.....#
####.### #.....#
#......# #.....#
#.##.#.# #.....#
#.#).#.# #.....#


You could see an orc.

Vanquished Creatures
  Sigmund (D:3)
  2 big kobolds (D:3)
  Terence (D:2)
  2 worker ants (D:4)
  6 adders
  2 worms
  3 dart slugs
  2 leopard geckos
  12 orcs
  A ball python (D:1)
  4 giant cockroaches
  10 goblins
  12 hobgoblins
  9 jackals
  16 kobolds
  5 quokkas
  4 bats
  2 frilled lizards
  6 rats
100 creatures vanquished.

Notes
Turn   | Place    | Note
-------+----------+-------------------------------------------
     0 | D:1      | wyoknott the Minotaur Fighter began the quest for the Orb.
     0 | D:1      | Reached XP level 1. HP: 19/19 MP: 0/0
    97 | D:1      | Reached XP level 2. HP: 25/27 MP: 1/1
   329 | D:1      | Reached XP level 3. HP: 10/33 MP: 2/2
   866 | D:2      | Found a faded altar of an unknown god.
  1005 | D:2      | Found a sparkling altar of Nemelex Xobeh.
  1179 | D:2      | Found a sparkling altar of Nemelex Xobeh.
  1183 | D:2      | Reached XP level 4. HP: 39/40 MP: 3/3
  1285 | D:2      | Noticed Terence
  1296 | D:2      | Killed Terence
  1296 | D:2      | Reached skill level 1 in Dodging
  1485 | D:3      | Reached XP level 5. HP: 40/46 MP: 4/4
  1503 | D:3      | Noticed Sigmund
  1516 | D:3      | Killed Sigmund
  1516 | D:3      | Reached skill level 5 in Armour
  1516 | D:3      | Reached skill level 5 in Shields
  1516 | D:3      | Reached XP level 6. HP: 39/53 MP: 5/5
  1565 | D:3      | Reached skill level 5 in Long Blades
  1986 | D:4      | Reached XP level 7. HP: 60/60 MP: 6/6
  2027 | D:4      | Found Izum's Lightly-Used Armoury.
  2057 | D:4      | HP: 2/60 [orc/+0 trident (7)]
  2058 | D:4      | Slain by an orc

Skill      XL: |  1  2  3  4  5  6 |
---------------+-------------------+-----
Armour         | 4 5 |  5.2
Shields        | 4 5 |  5.7
Long Blades    | 3 4 5 |  5.9
Fighting       | 4 |  4.8
Dodging        | 1 |  1.5
Stealth        | |  0.2

Action                   |  1- 3 |  4- 6 |  7- 9 || total
-------------------------+-------+-------+-------++-------
Melee: Long sword        |    98 |   136 |    13 ||   247
       Headbutt          |    13 |    21 |     2 ||    36
  Use: Scroll            |       |     9 |       ||     9
       Potion            |       |       |     2 ||     2
  Eat: Ration            |     1 |       |       ||     1
Armor: Scale mail        |    47 |       |       ||    47
       Chain mail        |    22 |    88 |    21 ||   131
Dodge: Dodged            |    53 |    45 |    11 ||   109
Block: Shield            |    75 |    92 |    18 ||   185
       Rpst.: Long sword |    10 |    16 |     1 ||    27
